 Dungeon Crawl Stone Soup version 0.25-b1-37-g2669288c55 (webtiles) character file.

Game seed: 9838803279663424523

24397 gruber the Unseen (level 12, -1/51 HPs)
             Began as a Spriggan Enchanter on June 5, 2020.
             Was an Elder of Dithmenos.
             Slain by a harpy (10 damage)
             ... summoned by Kirke
             ... on level 5 of the Lair of Beasts.
             The game lasted 00:36:16 (19379 turns).

gruber the Unseen (Spriggan Enchanter)             Turns: 19379, Time: 00:36:16

Health: -1/51      AC:  4    Str:  4    XL:     12   Next: 80%
Magic:  26/30      EV: 21    Int: 22    God:    Dithmenos [****..]
Gold:   652        SH:  0    Dex: 16    Spells: 25/37 levels left

rFire    . . .     SeeInvis +   L - +2 short sword (flame)
rCold    + . .     Gourm    .   (shield restricted)
rNeg     . . .     Faith    .   Q - +0 troll leather armour
rPois    .         Spirit   .   (helmet restricted)
rElec    .         Reflect  .   V - scarf {repulsion}
rCorr    .         Harm     .   (gloves unavailable)
MR       +++..                  (boots unavailable)
Stlth    +++++++++.             A - amulet of magic regeneration
HPRegen  0.57/turn              l - ring of protection from magic
MPRegen  0.47/turn              K - ring of protection from cold

@: wreathed by umbra, repel missiles, very quick
A: very small, unfitting armour, see invisible, herbivore, speed 3, slow
metabolism 2
a: Shadow Step, Renounce Religion


You were on level 5 of the Lair of Beasts.
You worshipped Dithmenos.
Dithmenos was greatly pleased with you.
You were not hungry.

You visited 3 branches of the dungeon, and saw 16 of its levels.

You collected 956 gold pieces.
You spent 304 gold pieces at shops.

Inventory:

Hand Weapons
 L - a +2 short sword of flaming (weapon)
Missiles
 b - 7 curare-tipped darts
 c - 55 poisoned darts (quivered)
Armour
 I - a +2 buckler
 P - +0 ice dragon scales
 Q - a +0 troll leather armour (worn)
 V - a scarf of repulsion (worn)
Jewellery
 l - a ring of protection from magic (left hand)
 r - an uncursed ring of resist corrosion
 A - an amulet of magic regeneration (around neck)
 K - a ring of protection from cold (right hand)
 S - an uncursed ring of protection from cold
 T - an uncursed ring of ice
Wands
 a - a wand of iceblast (8)
 y - a wand of disintegration (13)
 z - a wand of polymorph (12)
 E - a wand of random effects (22)
 H - a wand of clouds (15)
 J - a wand of paralysis (8)
 O - a wand of digging (6)
Scrolls
 e - 4 scrolls of identify
 f - 6 scrolls of blinking {unknown}
 g - 5 scrolls of remove curse {unknown}
 j - a scroll of fear {unknown}
 m - 5 scrolls of enchant weapon
 q - 2 scrolls of enchant armour {unknown}
 s - 2 scrolls of noise {unknown}
 t - 10 scrolls of teleportation
 x - 2 scrolls of magic mapping
 F - 2 scrolls of fog
 G - 2 scrolls of amnesia
 N - a scroll of torment {unknown}
 R - a scroll of immolation {unknown}
 U - a scroll of random uselessness {unknown}
 W - a scroll of brand weapon {unknown}
 X - a scroll of silence {unknown}
Potions
 h - 2 potions of heal wounds
 i - 7 potions of curing
 k - 3 potions of degeneration
 o - 6 potions of flight
 p - a potion of cancellation
 u - 3 potions of mutation
 v - 3 potions of haste
 w - 2 potions of berserk rage
 B - 3 potions of might
 C - 2 potions of stabbing
 D - 2 potions of lignification
 M - a potion of magic {unknown}
Miscellaneous
 n - a phial of floods
Comestibles
 d - 31 rations


   Skills:
 - Level 8.0 Short Blades
 - Level 8.0 Dodging
 * Level 16.0 Stealth
 - Level 13.0 Spellcasting
 - Level 15.0 Hexes


You had 25 spell levels left.
You knew the following spells:

 Your Spells              Type           Power        Failure   Level  Hunger
a - Corona                Hex            ######.      0%          1    None
b - Ensorcelled Hibernat  Hex/Ice        #####.       1%          2    None
c - Confusing Touch       Hex            ######..     1%          3    None
d - Tukima's Dance        Hex            ######..     1%          3    None
e - Dazzling Flash        Conj/Hex       #####.       1%          3    None

Your spell library contained the following spells:

 Spells                   Type           Power        Failure   Level  Hunger
 Inner Flame              Hex/Fire       #####...     1%          3    None
 Animate Skeleton         Necr           N/A          8%          1    None
 Apportation              Tloc           ##....       8%          1    None
 Foxfire                  Conj/Fire      ##..         8%          1    None
 Sting                    Tmut/Pois      ##..         8%          1    None
 Summon Small Mammal      Summ           ##..         8%          1    None
 Poisonous Vapours        Pois/Air       ##....       12%         2    None
 Conjure Flame            Conj/Fire      ##......     24%         3    None
 Ignite Poison            Fire/Tmut/Pois ##......     24%         3    None
 Mephitic Cloud           Conj/Pois/Air  ##......     24%         3    None
 Olgreb's Toxic Radiance  Pois           ##......     61%         4    None
 Sticky Flame             Conj/Fire      ##......     61%         4    None
 Fireball                 Conj/Fire      ##........   91%         5    ###....


Dungeon Overview and Level Annotations

Branches:
Dungeon (10/15)            Temple (1/1) D:6            Lair (5/6) D:8
 Shoals (0/4) Lair:2       Spider (0/4) Lair:2          Orc (0/2) D:9
  Slime: Lair:5-6

Altars:
Ashenzari
Cheibriados
Dithmenos
Elyvilon
Fedhas
Gozag
Hepliaklqana
Kikubaaqudgha
Makhleb
Nemelex Xobeh
Okawaru
Qazlal
Ru
Sif Muna
Trog
Uskayaw
Vehumet
Wu Jian
Xom
Yredelemnul
Zin
The Shining One
Beogh

Shops:
D:6 ?   D:8 :

Annotations:
Lair:4 exclusion: oklob plant
Lair:5 Kirke


Innate Abilities, Weirdness & Mutations

You are very small and have problems with some larger weapons.
You are too small for most types of armour.
You have supernaturally acute eyesight. (SInv)
You are a herbivore.
You cover ground extremely quickly.
You need to consume almost no food.


Message History

Unknown command.
Unknown command.
You are too injured to fight recklessly!
The helpless harpy fails to defend herself.
You skewer the harpy like a kebab!!! You burn the harpy!
You kill the harpy!
The harpy's corpse disappears in a puff of smoke!
The harpy completely misses you. The harpy claws you!
* * * LOW HITPOINT WARNING * * *
Unknown command.
Casting: Ensorcelled Hibernation (safe; 1% risk of failure)
Confirm with . or Enter, or press ? or * to list all spells.
Aiming: Ensorcelled Hibernation (safe; 1% risk of failure)
Press: ? - help, Shift-Dir - straight line, f - harpy
Aim: a harpy (summoned, umbra, chance to defeat MR: 71%)
The harpy struggles to resist.
Your shadow mimicks your spell!
The harpy resists with some effort.
The harpy completely misses you. The harpy claws you!
You die...

...................##P.#...##
.................#......#..##
.......#.#.#....#.......#...#
...P#..#+...[....#......+.†.#
....#...........##.........##
...........P#...#...........#
...P#.......#...##........†##
....#...........#H....>.....##
...##.......#...@§...........#
....#....####...P#.....##...##
...#...#.P###...##.#..##...##
................#.#..P......#
....≈......................###
..≈≈≈≈.......................#
≈.≈≈≈≈≈...........P###h#....#
≈≈≈≈≈≈≈.........>.P...#.....#
≈≈≈≈≈≈...#.............#P..###


You could see a harpy (summoned).

Vanquished Creatures
  Fannar (Lair:3)
  2 hydras
  An orc knight (D:10)
  An orb spider (Lair:2)
  A cyclops (D:10)
  6 elephants
  4 black mambas
  7 spiny frogs
  5 komodo dragons
  A rime drake (Lair:5)
  5 polar bears
  A troll (D:10)
  A jumping spider (shapeshifter) (D:10)
  Grinder (D:3)
  Prince Ribbit (D:6)
  11 hippogriffs
  8 blink frogs
  3 yaks (Lair:5)
  Sigmund (D:4)
  A spriggan (D:7)
  2 wyverns (Lair:4)
  Eustachio (D:4)
  2 basilisks
  A vampire mosquito (D:10)
  2 chaos spawn (D:9)
  An acid dragon (D:10)
  10 water moccasins
  9 porcupines
  7 orc warriors
  4 sky beasts
  An ice beast (D:4)
  3 ogres
  3 phantoms
  A necrophage (D:10)
  A centaur (D:7)
  6 crocodiles
  8 bullfrogs
  5 scorpions
  3 wights (D:7)
  5 crimson imps
  A bullfrog zombie (D:7)
  6 jellies
  2 quasits
  6 hounds
  A bullfrog skeleton (D:10)
  8 orc priests
  Crazy Yiuf (D:3)
  A centaur skeleton (D:9)
  3 iguanas
  Ijyb (D:3)
  11 orc wizards
  6 worker ants
  3 hound skeletons
  6 gnolls
  21 adders
  A shadow imp (D:9)
  18 oozes
  An adder skeleton (D:4)
  An adder zombie (D:6)
  3 worms
  2 dart slugs
  7 leopard geckos
  38 orcs
  4 ball pythons
  5 giant cockroaches
  7 goblins
  7 hobgoblins
  5 jackals
  5 quokkas
  11 bats
  3 frilled lizards
  A jackal zombie (D:6)
  10 kobolds
  2 leopard gecko skeletons
  4 rats (D:1)
349 creatures vanquished.

Vanquished Creatures (others)
  11 fungi
  11 plants
22 creatures vanquished.

Grand Total: 371 creatures vanquished

Notes
Turn   | Place    | Note
-------+----------+-------------------------------------------
     0 | D:1      | gruber the Spriggan Enchanter began the quest for the Orb.
     0 | D:1      | Reached XP level 1. HP: 9/9 MP: 5/5
   391 | D:1      | Reached XP level 2. HP: 13/13 MP: 6/6
   395 | D:1      | Learned a level 2 spell: Ensorcelled Hibernation
  1332 | D:1      | Reached skill level 5 in Hexes
  1808 | D:1      | Reached XP level 3. HP: 16/16 MP: 8/8
  1962 | D:2      | Found a bloodstained altar of Trog.
  2395 | D:2      | Reached XP level 4. HP: 21/21 MP: 6/9
  2814 | D:2      | Found a sacrificial altar of Ru.
  2995 | D:3      | Noticed Grinder
  3007 | D:2      | Learned a level 3 spell: Confusing Touch
  3011 | D:2      | Learned a level 3 spell: Tukima's Dance
  3323 | D:3      | Noticed Ijyb
  3332 | D:3      | Killed Ijyb
  3332 | D:3      | Reached XP level 5. HP: 24/24 MP: 5/12
  3630 | D:3      | Killed Grinder
  3630 | D:3      | Reached XP level 6. HP: 9/28 MP: 10/16
  3900 | D:3      | Found a runed translucent door.
  3901 | D:3      | Noticed Crazy Yiuf
  4274 | D:3      | Killed Crazy Yiuf
  4613 | D:4      | Noticed Eustachio
  4633 | D:4      | Reached skill level 5 in Stealth
  4636 | D:4      | Killed Eustachio
  4636 | D:4      | Reached skill level 7 in Stealth
  4636 | D:4      | Reached XP level 7. HP: 30/32 MP: 8/18
  4951 | D:4      | Noticed Sigmund
  4956 | D:4      | Killed Sigmund
  4956 | D:4      | Reached skill level 9 in Stealth
  5165 | D:4      | Reached skill level 10 in Stealth
  5761 | D:5      | Entered Level 5 of the Dungeon
  5773 | D:5      | Found a stormy altar of Qazlal.
  5977 | D:5      | Reached XP level 8. HP: 31/36 MP: 1/19
  6223 | D:5      | Learned a level 3 spell: Dazzling Flash
  6243 | D:5      | Reached skill level 11 in Stealth
  6729 | D:5      | Noticed a hippogriff
  6741 | D:5      | Killed a hippogriff
  7149 | D:6      | Noticed Prince Ribbit
  7197 | D:6      | You fall into a shaft and drop 1 floor!
  7197 | D:7      | Found a hide-covered altar of Uskayaw.
  7283 | D:7      | Found a shattered altar of Ashenzari.
  7745 | D:7      | Reached skill level 10 in Hexes
  7745 | D:7      | Reached XP level 9. HP: 39/39 MP: 17/20
  7766 | D:7      | Found a shimmering altar of Xom.
  8244 | D:6      | Found a staircase to the Ecumenical Temple.
  8268 | D:6      | Found Kyrauhir's Magic Scroll Boutique.
  8537 | D:6      | Killed Prince Ribbit
  8537 | D:6      | Reached skill level 10 in Spellcasting
  8880 | Temple   | Entered the Ecumenical Temple
  8997 | Temple   | Became a worshipper of Dithmenos the Shadowed
  9166 | D:6      | Reached skill level 12 in Stealth
  9244 | D:6      | Bought a scroll of identify for 26 gold pieces
  9244 | D:6      | Bought a scroll of identify for 26 gold pieces
  9244 | D:6      | Bought a scroll of teleportation for 39 gold pieces
  9244 | D:6      | Bought a scroll of fog for 26 gold pieces
  9244 | D:6      | Bought a scroll of enchant weapon for 97 gold pieces
  9244 | D:6      | Bought a scroll of magic mapping for 45 gold pieces
  9244 | D:6      | Bought a scroll of amnesia for 45 gold pieces
  9401 | D:6      | Found an iron altar of Okawaru.
  9729 | D:7      | Reached skill level 13 in Stealth
  9930 | D:7      | Found a shadowy altar of Dithmenos.
 10142 | D:7      | Found a glowing silver altar of Zin.
 10231 | D:7      | Reached XP level 10. HP: 9/44 MP: 22/25
 10640 | D:8      | Found a bloodstained altar of Trog.
 10677 | D:8      | Found a staircase to the Lair.
 10677 | D:8      | Noticed an elephant
 10720 | D:8      | Reached skill level 5 in Short Blades
 10728 | D:8      | Killed an elephant
 10728 | D:8      | Reached * piety under Dithmenos
 10853 | D:8      | Found a shimmering blue altar of Sif Muna.
 11185 | D:8      | Found Zoopno's Book Shoppe.
 11231 | D:8      | Found a blossoming altar of Fedhas.
 11627 | D:9      | Found a staircase to the Orcish Mines.
 12379 | D:9      | Found a roughly hewn altar of Beogh.
 12421 | D:9      | Found a radiant altar of Vehumet.
 12432 | D:9      | Reached ** piety under Dithmenos
 12524 | D:9      | Found a shimmering altar of Xom.
 12525 | D:9      | Found the +7 mace of Variability {chain chaos}
 13135 | D:10     | Entered Level 10 of the Dungeon
 13135 | D:10     | Noticed a cyclops
 13139 | D:10     | Killed a cyclops
 13166 | D:10     | Noticed an orc knight
 13177 | D:10     | Killed an orc knight
 13531 | D:10     | Reached XP level 11. HP: 47/47 MP: 26/26
 14441 | Lair:1   | Entered Level 1 of the Lair of Beasts
 14552 | Lair:1   | Found a basalt altar of Yredelemnul.
 15618 | Lair:2   | Found a staircase to the Shoals.
 15690 | Lair:2   | Reached *** piety under Dithmenos
 15867 | Lair:2   | Found a hole to the Spider Nest.
 15867 | Lair:2   | Noticed an orb spider
 15882 | Lair:2   | Killed an orb spider
 16479 | Lair:3   | Reached skill level 5 in Dodging
 16957 | Lair:3   | Noticed Fannar
 16957 | Lair:3   | Noticed an eight-headed hydra
 17002 | Lair:3   | Killed an eight-headed hydra
 17002 | Lair:3   | Reached XP level 12. HP: 51/51 MP: 28/30
 17210 | Lair:3   | Killed Fannar
 17636 | Lair:4   | Noticed a four-headed hydra
 18038 | Lair:4   | Killed a four-headed hydra
 18038 | Lair:4   | Reached skill level 15 in Hexes
 18175 | Lair:4   | Reached **** piety under Dithmenos
 18461 | Lair:4   | Reached skill level 14 in Stealth
 18668 | Lair:5   | Noticed Kirke
 18828 | Lair:5   | Reached skill level 15 in Stealth
 19208 | Lair:5   | Reached skill level 16 in Stealth
 19379 | Lair:5   | Slain by a harpy

Illustrated notes

Levels and vault maps discovered:
D:1:      eino_arrival_cavern_d, layout_basic
D:2:      layout_basic, bloody_trog, kennysheep_donut, nicolae_ru_awakened_eye
D:3:      layout_loops_ring, nicolae_underground_beach, uniq_crazy_yiuf_cottage,
          uniq_grinder, uniq_ijyb
D:4:      layout_basic, minmay_crystal_room, uniq_eustachio, uniq_sigmund
D:5:      layout_basic, overflow_temple_1_default, first_ration
D:6:      layout_loops_ring, okawaru_altar_gauntlet_db,
          minmay_temple_entry_glass, serial_shops, kennysheep_mini_moat,
          uniq_prince_ribbit1
D:7:      layout_loops_ring, lemuel_round_altar, overflow_temple_1_default,
          lemuel_round_altar, basic_altar, the_bakery, grunt_dithmenos_shadows
D:8:      layout_layer_cave, overflow_temple_1_default, lemuel_crystal_altar,
          david_lair_generic, serial_shops, nicolae_shop_behind_doors,
          trog_butcher_becter
D:9:      layout_basic, vehumet_crystals, minmay_orc_entry_temple_small,
          minmay_guarded_unrand_variability
D:10:     layout_stronghold, kb_rosetta
Temple:   cyrus_circular_temple
Lair:1:   layout_cave_pods, basic_altar, st_stairs_5
Lair:2:   minmay_lair_venomous_thicket, layout_chaotic_city, shoals_dummy_entry,
          nicolae_spider_entry_orb_guardian
Lair:3:   layout_layer_cave, lemuel_fruit_tree, lemuel_fruit_fields, uniq_fannar
Lair:4:   lemuel_slime, layout_regular_city, beast_lair_carwin_11,
          grunt_megastairs_3
Lair:5:   layout_regular_city, lemuel_old_faithful, serial_bayou_shore_b,
          uniq_kirke

Skill      XL: |  1  2  3  4  5  6  7  8  9 10 11 12 |
---------------+-------------------------------------+-----
Hexes          | 4 5 6 10 12 13 15 | 15.0
Spellcasting   | 4 6 7 10 13 | 13.0
Stealth        | 7 10 11 13 16 | 16.0
Short Blades   | 3 8 |  8.0
Dodging        | 8 |  8.0

Action                   |  1- 3 |  4- 6 |  7- 9 | 10-12 || total
-------------------------+-------+-------+-------+-------++-------
Melee: Dagger            |   106 |   145 |   268 |    24 ||   543
       Short sword       |       |       |       |   358 ||   358
Throw: Dart              |    18 |       |     1 |     9 ||    28
 Cast: Corona            |    18 |     8 |     3 |       ||    29
       Ensorcelled Hiber |    23 |    13 |   126 |   192 ||   354
       Confusing Touch   |       |     6 |    18 |    21 ||    45
  Use: Scroll            |       |       |    11 |       ||    11
 Stab: Sleeping          |    21 |    16 |    85 |   139 ||   261
       Confused          |       |    11 |    20 |    14 ||    45
  Eat: Ration            |       |     2 |     3 |     4 ||     9
Armor: Robe              |    10 |    13 |     6 |     6 ||    35
       Troll leather arm |       |       |       |    14 ||    14
Dodge: Dodged            |   105 |    85 |   144 |   230 ||   564
       Repelled          |       |       |       |     1 ||     1
